 Dungeon Crawl Stone Soup version 0.31-a0-981-geadf994542 (webtiles) character file.

Game seed: 16936534986928027297

8221 AIAndy the Grappler (level 11, -3/82 HPs)
             Began as an Octopode Shapeshifter on Nov 1, 2023.
             Was an Elder of Nemelex Xobeh.
             Killed from afar by an electric eel (12 damage)
             ... with a bolt of electricity
             ... on level 10 of the Dungeon.
             The game lasted 00:36:46 (9676 turns).

AIAndy the Grappler (Octopode Shapeshifter)         Turns: 9676, Time: 00:36:47

Health: -3/82      AC:  9    Str: 23    XL:     11   Next: 27%
Magic:  0/23       EV: 10    Int: 13    God:    Nemelex Xobeh [****..]
Gold:   671        SH:  0    Dex: 11    Spells: 4/10 levels left

rFire   . .          .
                       - Unarmed
rCold   . . .        (shield currently unavailable)
rNeg    . . .        (helmet currently unavailable)
rPois   .            G - amulet of guardian spirit
rElec   .            W - ring of magical power
rCorr   .            L - ring of flight
SInv    .            (no ring)
Will    .....        (no ring)
Stlth   +            (no ring)
HPRegen 0.33/turn    (no ring)
MPRegen 0.18/turn    (no ring)
                     (no ring)

%: guardian spirit
@: snake-form, flying
A: constrict, boosted hp, almost no armour, amphibious, 8 rings, large,
(camouflage 1), (gelatinous body 1), (nimble swimmer 1), (tentacles)
a: Begin Untransformation, Renounce Religion, Draw Escape, Draw Destruction,
Draw Summoning, Triple Draw, Deal Four


You were on level 10 of the Dungeon.
You worshipped Nemelex Xobeh.
Nemelex Xobeh was greatly pleased with you.
You were an enormous anaconda.
You visited 1 branch of the dungeon, and saw 10 of its levels.

You collected 671 gold pieces.


Innate Abilities, Weirdness & Mutations

You are an enormous anaconda.
You have a powerful constriction melee attack.
Your maximum health is increased.
Your armour is entirely melded.
You are incapable of wielding weapons or throwing items.
You cannot wear most types of armour.
You are amphibious.
You can wear up to eight rings at the same time.
((Your skin changes colour to match your surroundings (Stealth+).))
((Your rubbery body absorbs attacks. (AC +1, EV +1)))
((You are camouflaged when in or above water. (Stealth+)))
((You have tentacles for arms and can constrict up to eight enemies at once.))


   Skills:
 - Level 4.0 Fighting
 - Level 2.0 Dodging
 + Level 12.7 Unarmed Combat
 - Level 5.0 Invocations
 - Level 10.0 Shapeshifting


You had 4 spell levels left.
You knew the following spells:

 Your Spells              Type           Power      Damage    Failure   Level
I - Blink                 Tloc           0%         N/A       43%         2
X - Manifold Assault      Tloc           0%         N/A       97%         4

Your spell library contained the following spells:

 Spells                   Type           Power      Damage    Failure   Level
 Summon Small Mammal      Summ           0%         N/A       30%         1
 Call Canine Familiar     Summ           0%         N/A       67%         3
 Dazzling Flash           Conj/Hex       0%         N/A       67%         3
 Sigil of Binding         Hex            0%         N/A       67%         3
 Summon Guardian Golem    Hex/Summ       0%         N/A       67%         3
 Dimensional Bullseye     Hex/Tloc       0%         N/A       97%         4
 Leda's Liquefaction      Hex/Erth       0%         N/A       97%         4
 Agony                    Necr           0%         N/A       100%        5
 Silence                  Hex/Air        0%         N/A       100%        5

Inventory:

Hand Weapons
 d - a +3 short sword of venom
Missiles
 p - a throwing net {=f}
Jewellery
 C - a ring of ice
 G - an amulet of guardian spirit (around neck)
 L - a ring of flight (right tentacle)
 W - a ring of magical power (left tentacle)
Talismans
 b - a beast talisman
 c - a flux talisman
 g - a serpent talisman (active)
Wands
 D - a wand of polymorph (11)
 E - a wand of paralysis (18)
Scrolls
 e - 2 scrolls of noise {unknown}
 f - 3 scrolls of teleportation {unknown}
 h - 8 scrolls of identify {unknown}
 i - 2 scrolls of brand weapon {unknown}
 m - a scroll of acquirement {unknown}
 r - 2 scrolls of immolation {unknown}
 s - a scroll of amnesia {unknown}
 u - 3 scrolls of revelation {unknown}
 v - 4 scrolls of fear {unknown}
 w - 2 scrolls of poison {unknown}
 y - 2 scrolls of enchant armour {unknown}
 B - 5 scrolls of vulnerability {unknown}
 F - a scroll of fog {unknown}
Potions
 a - 4 potions of lignification {!q}
 j - 6 potions of curing {unknown}
 k - 2 potions of degeneration {unknown}
 l - a potion of berserk rage {unknown}
 n - 3 potions of might {unknown}
 o - 2 potions of ambrosia {unknown}
 q - a potion of resistance {unknown}
 t - a potion of brilliance {unknown}
 x - 2 potions of heal wounds {unknown}
 z - a potion of haste {unknown}
 A - a potion of magic {unknown}
 H - a potion of cancellation {unknown}

Dungeon Overview and Level Annotations

Branches:
Dungeon (10/15)            Temple (0/1) D:5            Lair (0/5) D:10
    Orc (0/2) D:9

Altars:
Gozag
Kikubaaqudgha
Nemelex Xobeh
Sif Muna
Trog
Vehumet
Wu Jian
Yredelemnul
The Shining One

Shops:
D:1 :   D:2 ?   D:5 *   D:7 (

Annotations:
D:8 1 runed translucent door

≈≈~≈≈≈≈≈~≈≈≈≈≈... .~~
...~~~.~~~~~~~.~.. ≈≈≈
≈≈≈.≈≈≈≈≈.≈≈≈≈≈... ♣≈.
♣≈.≈♣♣♣≈.≈♣♣♣≈~.. ♣≈~≈
♣≈~≈♣ ♣≈~≈♣ ♣≈~..
♣♣≈~≈♣♣♣≈~≈♣♣♣≈~≈♣♣♣≈.##
≈≈≈~≈≈≈≈≈~≈≈≈≈≈~≈≈≈≈≈...
~§~~~§~§.~....~~)).~~~#.
≈≈S§≈≈SS≈.≈≈≈≈≈.≈[≈≈≈~+.
♣♣≈§≈♣♣♣≈~≈♣♣♣≈~†♣♣♣≈.#
♣≈ ♣≈~≈♣ ♣≈~≈♣ ♣≈.#
♣≈~≈♣ ♣≈.≈♣ ♣≈~h.
≈≈≈.≈≈≈≈≈~≈≈≈≈≈...
~..~~.~~.~~~~~~....
≈≈≈≈≈~≈≈≈≈≈.≈≈≈≈≈ ..
≈♣♣♣≈~≈♣♣♣≈.≈♣♣♣≈


You could see 2 electric eels.


Message History

An electric eel comes into view.
You body-slam the hornet!!
You kill the hornet!
The electric eel shoots out a bolt of lightning at you!
The bolt of electricity hits you!
* * * LOW HITPOINT WARNING * * *
The electric eel shoots out a bolt of lightning at you!
The bolt of electricity misses you.
You barely miss the electric eel. Your grab misses the electric eel.
You lash the electric eel! Your grab misses the electric eel.
The electric eel is severely wounded.
You lash the electric eel!
You kill the electric eel!
The electric eel shoots out a bolt of lightning at you!
The bolt of electricity hits you!
* * * LOW HITPOINT WARNING * * *
The electric eel shoots out a bolt of lightning at you!
The bolt of electricity hits the electric eel.
The electric eel completely resists.
The bolt of electricity hits you!
* * * LOW HITPOINT WARNING * * *
Use which ability? (? or * to list)
You draw a card...
You have drawn the Cloud.
Clouds appear around you!
The electric eel shoots out a bolt of lightning at you!
The bolt of electricity hits you!
* * * LOW HITPOINT WARNING * * *
The electric eel shoots out a bolt of lightning at you!
The bolt of electricity hits the electric eel.
The electric eel completely resists.
The bolt of electricity hits you!
You die...
Your body glows with a rainbow of weird colours and disappears.

Skill      XL: |  1  2  3  4  5  6  7  8  9 10 11 |
---------------+----------------------------------+-----
Shapeshifting  | 4 5 6 7 8 9 10 | 10.0
Invocations    | 2 4 5 |  5.0
Fighting       | 2 4 |  4.0
Unarmed Combat | 4 7 11 12 | 12.7
Dodging        | |  2.0

Action                     |  1- 3 |  4- 6 |  7- 9 | 10-12 || total
---------------------------+-------+-------+-------+-------++-------
  Melee: Unarmed           |    65 |    74 |   243 |   148 ||   530
         Constrict         |    18 |    15 |    50 |    30 ||   113
         Tentacles         |     4 |       |       |       ||     4
         Punch             |     1 |       |       |       ||     1
 Invoke: Draw Destruction  |       |       |     2 |    14 ||    16
         Draw Summoning    |       |       |     1 |     2 ||     3
         Draw Escape       |       |       |       |     6 ||     6
   Stab: Sleeping          |     1 |     3 |       |       ||     4
 Armour: Skin              |    36 |    41 |   194 |   149 ||   420
  Dodge: Dodged            |    27 |    28 |   116 |    87 ||   258
   Form: Anaconda          |     1 |       |       |       ||     1

Levels and vault maps discovered:
D:1:      dpeg_arrival_castle, layout_basic, nicolae_shop_vocational
D:2:      layout_basic, serial_shops, nicolae_shop_rolled_up, uniq_natasha,
          uniq_terence
D:3:      layout_loops_corners, minmay_misc_feat_square
D:4:      layout_loops_ring, grunt_temple_overflow_open,
          kennysheep_cluttered_room
D:5:      layout_gridville, minmay_temple_entry_arrows, nicolae_shop_clearance
D:6:      layout_gridville
D:7:      layout_gridville, nicolae_shop_firing_range
D:8:      layout_rooms, dk_yredelemnul_ordeal
D:9:      layout_basic, nicolae_vehumet_radiance, orc_0_dummy, minmay_circle_x,
          uniq_psyche
D:10:     layout_irregular_city, grunt_gozag_breadcrumbs, lair_entry_dummy,
          kennysheep_boxes, uniq_grum, uniq_joseph, uniq_maggie

Notes
Turn   | Place    | Note
-------+----------+-------------------------------------------
     0 | D:1      | AIAndy the Octopode Shapeshifter began the quest for the
                  | Orb.
     0 | D:1      | Reached XP level 1. HP: 13/13 MP: 1/1
    18 | D:1      | Found Baitohebb's Vocational Training.
   211 | D:1      | Reached XP level 2. HP: 18/18 MP: 2/2
   259 | D:1      | You fall into a shaft and drop 1 floor!
   451 | D:2      | Reached XP level 3. HP: 10/23 MP: 3/3
   494 | D:2      | HP: 1/10 [worm (9)]
   650 | D:1      | Reached skill level 4 in Shapeshifting
  1299 | D:2      | Noticed Terence
  1404 | D:2      | Reached XP level 4. HP: 14/28 MP: 4/4
  1483 | D:2      | Noticed Natasha
  1489 | D:2      | Killed Natasha
  1697 | D:2      | Found Maudem's Magic Scroll Shoppe.
  1791 | D:2      | Noticed Natasha
  1796 | D:2      | Killed Natasha
  1797 | D:2      | Reached skill level 5 in Shapeshifting
  1797 | D:2      | Reached XP level 5. HP: 19/33 MP: 5/5
  2137 | D:3      | Noticed an ice beast
  2268 | D:3      | Killed an ice beast
  2269 | D:3      | Reached skill level 6 in Shapeshifting
  2269 | D:3      | Reached XP level 6. HP: 16/38 MP: 6/6
  2730 | D:4      | Found an ancient bone altar of Kikubaaqudgha.
  2752 | D:4      | Found a shimmering blue altar of Sif Muna.
  2752 | D:4      | Found a glowing golden altar of the Shining One.
  2752 | D:4      | Found an ornate altar of the Wu Jian Council.
  2754 | D:4      | Found a sparkling altar of Nemelex Xobeh.
  2767 | D:4      | Found a bloodstained altar of Trog.
  2774 | D:4      | Became a worshipper of Nemelex Xobeh the Trickster
  3089 | D:4      | Noticed an ice beast
  3094 | D:4      | Killed an ice beast
  3095 | D:4      | Reached skill level 7 in Shapeshifting
  3095 | D:4      | Reached XP level 7. HP: 23/43 MP: 7/7
  3300 | D:4      | Reached * piety under Nemelex Xobeh
  3567 | D:5      | Entered Level 5 of the Dungeon
  3573 | D:5      | Found Remum's CLEARANCE SALE!.
  3753 | D:5      | Found a staircase to the Ecumenical Temple.
  3805 | D:5      | Received a gift from Nemelex Xobeh
  3953 | D:5      | Reached skill level 8 in Shapeshifting
  4104 | D:5      | Received a gift from Nemelex Xobeh
  4148 | D:5      | Learned a level 2 spell: Blink
  4153 | D:5      | Learned a level 4 spell: Manifold Assault
  4171 | D:5      | Reached skill level 1 in Invocations
  4243 | D:5      | Reached skill level 2 in Invocations
  4243 | D:5      | Reached XP level 8. HP: 47/48 MP: 9/9
  4483 | D:6      | Reached ** piety under Nemelex Xobeh
  4655 | D:6      | Reached skill level 3 in Invocations
  4779 | D:6      | Reached skill level 9 in Shapeshifting
  4892 | D:6      | Received a gift from Nemelex Xobeh
  5313 | D:7      | Reached skill level 2 in Fighting
  5407 | D:7      | Found Wethri's Firing Range.
  5510 | D:7      | Reached skill level 4 in Unarmed Combat
  5621 | D:7      | Reached skill level 4 in Invocations
  5621 | D:7      | Reached XP level 9. HP: 33/55 MP: 11/12
  5878 | D:7      | Reached skill level 3 in Fighting
  5911 | D:7      | Noticed a troll
  5918 | D:7      | Killed a troll
  5919 | D:7      | Reached skill level 5 in Unarmed Combat
  6110 | D:7      | Reached *** piety under Nemelex Xobeh
  6236 | D:7      | Reached skill level 10 in Shapeshifting
  6543 | D:7      | Reached skill level 6 in Unarmed Combat
  6713 | D:8      | Reached skill level 4 in Fighting
  6713 | D:8      | Reached skill level 5 in Invocations
  6780 | D:8      | Noticed a manticore
  7117 | D:8      | Reached skill level 7 in Unarmed Combat
  7125 | D:8      | Reached XP level 10. HP: 63/63 MP: 13/13
  7171 | D:8      | Found a runed translucent door.
  7174 | D:8      | Found a basalt altar of Yredelemnul.
  7212 | D:8      | Killed a manticore
  7213 | D:8      | Reached skill level 8 in Unarmed Combat
  7429 | D:2      | Noticed Natasha
  7434 | D:2      | Killed Natasha
  7501 | D:2      | Killed Terence
  7661 | D:9      | Received a gift from Nemelex Xobeh
  7717 | D:9      | Noticed Psyche
  7719 | D:9      | Killed Psyche
  7755 | D:9      | Reached skill level 9 in Unarmed Combat
  7976 | D:9      | Found a staircase to the Orcish Mines.
  8308 | D:9      | Found a radiant altar of Vehumet.
  8313 | D:9      | Reached skill level 10 in Unarmed Combat
  8318 | D:9      | Received a gift from Nemelex Xobeh
  8800 | D:9      | Reached **** piety under Nemelex Xobeh
  8898 | D:10     | Entered Level 10 of the Dungeon
  9135 | D:10     | Found a staircase to the Lair.
  9182 | D:10     | Found an opulent altar of Gozag.
  9234 | D:10     | Noticed Maggie
  9235 | D:10     | Maggie changed into Maggie the bullfrog
  9235 | D:10     | Noticed Maggie
  9235 | D:10     | a yak changed into an entropy weaver
  9235 | D:10     | Noticed an entropy weaver
  9236 | D:10     | Maggie the bullfrog changed into Maggie the boggart
  9236 | D:10     | Noticed Maggie
  9240 | D:10     | Killed Maggie the boggart
  9241 | D:10     | Reached skill level 11 in Unarmed Combat
  9248 | D:10     | Killed an entropy weaver
  9249 | D:10     | Reached XP level 11. HP: 27/69 MP: 14/14
  9251 | D:10     | Reached skill level 12 in Unarmed Combat
  9477 | D:10     | Received a gift from Nemelex Xobeh
  9640 | D:10     | Noticed Grum
  9646 | D:10     | HP: 6/82 [electric eel/bolt of electricity (5)]
  9656 | D:10     | Killed Grum
  9676 | D:10     | Killed from afar by an electric eel

Vanquished Creatures
  An entropy weaver (D:10)
  A manticore (D:8)
  Psyche (D:9)
  A kobold demonologist (D:10)
  A queen bee (D:10)
  2 trolls
  A hornet (D:10)
  2 yaks (D:10)
  Grum (D:10)
  2 wraiths (D:9)
  A steam dragon (D:10)
  5 vampire mosquitoes
  2 acid dragons
  A water moccasin (D:7)
  4 orc warriors
  7 ice beasts
  A black bear (D:6)
  A boggart (D:10)
  An ogre (D:5)
  A centaur (D:10)
  A wolf (D:10)
  A kobold brigand (D:6)
  5 bullfrogs
  2 scorpions
  6 killer bees (D:9)
  5 electric eels (D:10)
  9 howler monkeys
  A jelly (D:4)
  2 orc priests
  5 hounds
  6 iguanas
  Terence (D:2)
  11 orc wizards
  Natasha (thrice) (D:2)
  4 gnolls
  7 adders
  2 shadow imps
  4 dart slugs
  18 orcs
  8 ball pythons
  5 endoplasms
  3 giant cockroaches
  5 goblins
  7 hobgoblins
  10 jackals
  2 quokkas
  6 bats
  A frilled lizard (D:1)
  A jackal skeleton (D:8)
  9 kobolds
  A kobold skeleton (D:8)
  A rat (D:2)
189 creatures vanquished.

Vanquished Creatures (collateral kills)
  A wyvern (D:7)
  A vampire mosquito (D:7)
  A wolf (D:10)
  2 electric eels (D:10)
5 creatures vanquished.

Grand Total: 194 creatures vanquished

Table legend: (Time is in decaauts)
 A = Elapsed time spent in this place.
 B = Non-inter-level travel time spent in this place.
 C = Inter-level travel time spent in this place.
 D = Time resting spent in this place.
 E = Time spent auto-exploring this place.
 F = Levels seen in this place.
 G = Mean time per level.
                   A        B        C        D        E       F      G
               +--------+--------+--------+--------+--------+-----+--------+
         Total |   9637 |   8978 |    659 |   1066 |   6268 |  10 |  963.7 |
       Dungeon |   9637 |   8978 |    659 |   1066 |   6268 |  10 |  963.7 |
               +--------+--------+--------+--------+--------+-----+--------+

Top non-repeatable levels by time:
     D:7: 1665 daAuts
     D:9: 1350 daAuts
     D:2: 1040 daAuts
     D:1: 917 daAuts
     D:4: 908 daAuts
     D:5: 899 daAuts
     D:3: 893 daAuts
     D:6: 797 daAuts
    D:10: 651 daAuts
     D:8: 514 daAuts

Table legend:
 A = Non-vault XP
 B = Vault XP
 C = Vault XP percentage of total XP
 D = Non-vault monster count
 E = Vault monster count
 F = Vault count percentage of total count
                 A         B        C        D         E       F
            +---------+---------+-------+---------+---------+-------
      Total |   10185 |    1560 |  13.3 |     181 |      13 |   6.7
            +---------+---------+-------+---------+---------+-------
        D:1 |      36 |       0 |   0.0 |      19 |       0 |   0.0
        D:2 |     163 |      71 |  30.3 |      18 |       2 |  10.0
        D:3 |     149 |       0 |   0.0 |       5 |       0 |   0.0
        D:4 |     387 |       0 |   0.0 |      26 |       0 |   0.0
        D:5 |     524 |       0 |   0.0 |      16 |       0 |   0.0
        D:6 |     634 |       0 |   0.0 |      16 |       0 |   0.0
        D:7 |    2155 |       0 |   0.0 |      28 |       0 |   0.0
        D:8 |    1160 |       2 |   0.2 |      15 |       2 |  11.8
        D:9 |    1610 |     941 |  36.9 |      20 |       5 |  20.0
       D:10 |    3367 |     546 |  14.0 |      18 |       4 |  18.2
            +---------+---------+-------+---------+---------+-------
